 Dungeon Crawl Stone Soup version 0.31-a0-236-g9a0961fb85 (webtiles) character file.

Game seed: 14384901773132604982

236905 miscthings the Peltast (level 19, -15/150 HPs)
             Began as a Gnoll Wanderer on July 11, 2023.
             Was an Initiate of Gozag.
             Killed from afar by a deep elf zephyrmancer (20 damage)
             ... with a bolt of lightning
             ... on level 1 of the Elven Halls.
             The game lasted 01:31:29 (25240 turns).

miscthings the Peltast (Gnoll Wanderer)            Turns: 25240, Time: 01:31:30

Health: -15/150    AC: 33    Str: 13    XL:     19   Next: 22%
Magic:  24/36      EV: 14    Int: 16    God:    Gozag
Gold:   6353       SH: 12    Dex: 23    Spells: 15/45 levels left

rFire   . . .        R - +3 greatsling "Punk" {acid, rCorr}
rCold   . . .        d - +3 buckler
rNeg    . . .        Y - +9 chain mail of Tenacity {rCorr Int+3 Dex+4 Stlth-}
rPois   .            I - +2 helmet
rElec   .            m - +2 cloak {Will+}
rCorr   +            z - +0 pair of gloves
SInv    .            r - +1 pair of boots of Optimism {Slay+6}
Will    +++..        y - amulet of regeneration
Stlth   ++           o - +4 ring of slaying
HPRegen 1.25/turn    M - ring "Hodoroap" {Will+ Slay+5}
MPRegen 0.25/turn

%: no passive effects
@: no status effects
A: fangs 2, strong nose, distributed training, agile 1
}: 2/15 runes: decaying, gossamer
a: Renounce Religion, Potion Petition, Call Merchant, Bribe Branch


You were on level 1 of the Elven Halls.
You worshipped Gozag.
Gozag was greatly pleased with you.
You visited 8 branches of the dungeon, and saw 30 of its levels.
You also visited: Bailey and Volcano.

You collected 12305 gold pieces.
You spent 3581 gold pieces at shops.
You paid 2371 gold pieces to Gozag.

Inventory:

Hand Weapons
 a - the +6 short sword of Wyrd {holy, rN+++ Str+2 Dex-4 SInv}
   (You found it on level 3 of the Lair of Beasts)

   Str:       It affects your strength (+2).
   Dex:       It affects your dexterity (-4).
   rN:        It renders you almost immune to negative energy.
   SInv:      It lets you see invisible.
 R - the +3 greatsling "Punk" (weapon) {acid, rCorr}
   (You bought it in a shop on level 2 of the Orcish Mines)

   rCorr:     It protects you from acid and corrosion.
Missiles
 q - 2 throwing nets
 t - 8 curare-tipped darts
Armour
 c - the +3 pair of boots of Cheibriados's Favour {rF++ rC- Int+2 Dex+3}
   (You acquired it on level 4 of the Dungeon)

   Int:       It affects your intelligence (+2).
   Dex:       It affects your dexterity (+3).
   rF:        It greatly protects you from fire.
   rC:        It makes you vulnerable to cold.
 d - a +3 buckler (worn)
 m - a +2 cloak of willpower (worn)
 r - the +1 pair of boots of Optimism (worn) {Slay+6}
   (You bought it in a shop on level 1 of the Swamp)

   Slay:      It affects your accuracy & damage with ranged weapons and melee
   (+6).
 z - a +0 pair of gloves (worn)
 I - a +2 helmet (worn)
 L - the scarf of Ellaug {harm, rN+ Str-3 Dex+4}
   (You found it on level 9 of the Dungeon)

   Str:       It affects your strength (-3).
   Dex:       It affects your dexterity (+4).
   rN:        It protects you from negative energy.
 Y - the +9 chain mail of Tenacity (worn) {rCorr Int+3 Dex+4 Stlth-}
   (You found it on level 5 of the Lair of Beasts)

   Int:       It affects your intelligence (+3).
   Dex:       It affects your dexterity (+4).
   rCorr:     It protects you from acid and corrosion.
   Stlth:     It makes you less stealthy.
Magical Staves
 V - a staff of cold
Jewellery
 o - a +4 ring of slaying (left hand)
 p - a ring of protection from fire
 y - an amulet of regeneration (around neck)
 D - a ring of see invisible
 G - a ring of ice
 M - the ring "Hodoroap" (right hand) {Will+ Slay+5}
   (You bought it in a shop on level 7 of the Dungeon)

   [ring of willpower]

   Slay:      It affects your accuracy & damage with ranged weapons and melee
   (+5).
   Will:      It increases your willpower.
 T - a ring of flight
Wands
 e - a wand of mindburst (2)
 g - a wand of iceblast (25)
 h - a wand of digging (10)
 n - a wand of charming (13)
 C - a wand of flame (34)
 W - a wand of light (3)
 X - a wand of polymorph (16)
Scrolls
 i - 7 scrolls of enchant weapon
 l - a scroll of fear
 x - 13 scrolls of teleportation
 A - 2 scrolls of enchant armour
 F - 5 scrolls of fog
 H - a scroll of amnesia
 N - 4 scrolls of revelation
 Q - 3 scrolls of summoning
 S - 8 scrolls of identify {@r1}
 U - a scroll of blinking
Potions
 b - 9 potions of brilliance
 f - 5 potions of ambrosia
 j - 3 potions of mutation
 k - a potion of invisibility
 s - 7 potions of might
 u - 4 potions of resistance
 v - 6 potions of enlightenment
 w - 6 potions of curing
 B - 4 potions of magic
 E - 3 potions of attraction
 J - 2 potions of lignification
 K - 4 potions of cancellation
 O - 5 potions of haste
 P - 3 potions of heal wounds
Miscellaneous
 Z - a condenser vane (inert)


   Skills:
 + Level 13.6 Fighting
 + Level 13.3 Short Blades
 + Level 13.3 Long Blades
 + Level 13.3 Axes
 + Level 13.3 Maces & Flails
 + Level 13.3 Polearms
 + Level 13.3 Staves
 + Level 13.3 Ranged Weapons
 + Level 13.3 Throwing
 + Level 13.6 Armour
 + Level 13.3 Dodging
 + Level 13.3 Stealth
 + Level 16.5 Shields
 + Level 13.3 Unarmed Combat
 + Level 13.6 Spellcasting
 + Level 11.3 Conjurations
 + Level 11.3 Hexes
 + Level 12.0 Summonings
 + Level 11.3 Necromancy
 + Level 11.3 Translocations
 + Level 11.3 Transmutations
 + Level 11.3 Fire Magic
 + Level 11.3 Ice Magic
 + Level 11.3 Air Magic
 + Level 11.3 Earth Magic
 + Level 11.3 Poison Magic
 + Level 14.5 Invocations
 + Level 13.3 Evocations


You had 15 spell levels left.
You knew the following spells:

 Your Spells              Type           Power      Damage    Failure   Level
a - Inner Flame           Hex/Fire       47%        N/A       1%          3
b - Tukima's Dance        Hex            47%        N/A       1%          3
d - Summon Forest         Summ/Tloc      24%        N/A       14%         5
e - Iskenderun's Mystic   Conj/Tloc      47%        2d10      6%          4
f - Ozocubu's Armour      Ice            47%        N/A       1%          3
g - Blink                 Tloc           94%        N/A       1%          2
h - Volatile Blastmotes   Fire/Tloc      94%        2d17      1%          3
i - Ice Form              Ice/Tmut       47%        N/A       6%          4
z - Portal Projectile     Hex/Tloc       94%        N/A       1%          3

Your spell library contained the following spells:

 Spells                   Type           Power      Damage    Failure   Level
 Apportation              Tloc           94%        N/A       1%          1
 Summon Small Mammal      Summ           100%       N/A       1%          1
 Ensorcelled Hibernation  Hex/Ice        94%        N/A       1%          2
 Lesser Beckoning         Tloc           94%        N/A       1%          2
 Momentum Strike          Conj/Tloc      94%        3d10      1%          2
 Call Canine Familiar     Summ           49%        N/A       1%          3
 Frozen Ramparts          Ice            94%        1d15      1%          3
 Hailstorm                Conj/Ice       47%        3d11      1%          3
 Spider Form              Tmut/Pois      47%        N/A       1%          3
 Stone Arrow              Conj/Erth      94%        3d12      1%          3
 Animate Armour           Summ/Erth      96%        N/A       5%          4
 Summon Ice Beast         Ice/Summ       48%        N/A       5%          4
 Anguish                  Hex/Necr       23%        N/A       6%          4
 Fulminant Prism          Conj/Hex       23%        3d12      6%          4
 Blade Hands              Tmut           23%        N/A       17%         5
 Lee's Rapid Deconstruct  Erth           23%        3d13*     17%         5
 Metabolic Englaciation   Hex/Ice        23%        N/A       17%         5
 Yara's Violent Unravell  Hex/Tmut       23%        3d10      17%         5
 Dispersal                Tloc           23%        N/A       67%         6
 Eringya's Noxious Bog    Tmut/Pois      23%        4d6       67%         6
 Enfeeble                 Hex            23%        N/A       99%         7
 Summon Hydra             Summ           24%        N/A       99%         7
 Borgnjor's Revivificati  Necr           23%        N/A       100%        8
 Lehudib's Crystal Spear  Conj/Erth      23%        10d7      100%        8
 Necromutation            Tmut/Necr      23%        N/A       100%        8
 Death's Door             Necr           23%        N/A       100%        9
 Simulacrum               Ice/Necr       Unusable   N/A       N/A         6

Dungeon Overview and Level Annotations

Branches:
Dungeon (12/15)            Temple (1/1) D:5            Lair (5/5) D:11
  Swamp (4/4) Lair:3       Spider (4/4) Lair:2        Slime (1/5) Lair:4
    Orc (2/2) D:12            Elf (1/3) Orc:2        Bailey (visited)
Volcano (visited)

Altars:
Ashenzari
Cheibriados
Dithmenos
Elyvilon
Fedhas
Gozag
Hepliaklqana
Kikubaaqudgha
Makhleb
Okawaru
Ru
Sif Muna
Trog
Uskayaw
Vehumet
Wu Jian
Xom
Zin
The Shining One
Jiyva

Shops:
D:7 =   D:11 !   D:12 *   Orc:2 [?:!(   Swamp:1 [   Spider:3 :


Innate Abilities, Weirdness & Mutations

You have extremely sharp teeth.
Your uncanny sense of smell can sniff out nearby items.
Your experience applies equally to all skills.
You are agile. (Dex +4, Str/Int -1)


Message History

The deep elf archer shouts!
The sling bullet hits the deep elf archer!!
The deep elf archer is splashed with acid.
The acid corrodes the deep elf archer!
The deep elf archer is no longer distracted by gold.
The deep elf archer is heavily wounded.
Fire: R) +3 greatsling "Punk" {acid, rCorr}
Press: ? - help, Q - select action, (/) - cycle Shift-Dir - straight line, f/p - deep elf archer
Aim: a deep elf archer, wielding a +0 shortbow and wearing a +0 leather armour (heavily wounded, repelling missiles, covered in acid, 46% to hit)
You shoot a sling bullet.
The sling bullet closely misses the deep elf zephyrmancer.
The sling bullet closely misses the deep elf archer.
The deep elf archer shoots an arrow.
The arrow hits you!
Fire: R) +3 greatsling "Punk" {acid, rCorr}
Press: ? - help, Q - select action, (/) - cycle Shift-Dir - straight line, f - deep elf zephyrmancer, p - deep elf archer
Aim: a deep elf zephyrmancer, wielding a +0 rapier (75% to hit)
You shoot a sling bullet.
The sling bullet closely misses the deep elf zephyrmancer.
The deep elf zephyrmancer casts a spell at you.
The bolt of lightning hits you!!
* * * LOW HITPOINT WARNING * * *
A deep elf pyromancer opens the door.
The deep elf archer casts a spell at you.
You resist with almost no effort.
The deep elf pyromancer shouts!
You hear a shout!
Aiming: Iceblast
Press: ? - help, Shift-Dir - straight line, f/p - deep elf zephyrmancer
Aim: a deep elf zephyrmancer, wielding a +0 rapier The mass of ice explodes!
The iceblast engulfs the deep elf zephyrmancer!!
The deep elf zephyrmancer is heavily wounded.
The iceblast engulfs the deep elf zephyrmancer!!
The deep elf zephyrmancer is severely wounded.
The deep elf zephyrmancer casts a spell at you.
The bolt of lightning hits you!!
* * * LOW HITPOINT WARNING * * *
The deep elf zephyrmancer gestures at you while chanting.
The bolt of lightning hits you!!
You die...
Your body crumbles into a pile of gold.

#...# #...#.. $
#.$.#.. . #.e.#.e
♣+♣#####$..#'#######
.......$$..e........
....$...$!e.........
♣#.#$#♣#$.#♣+###
♣...# #.@# .. ♣...♣
#..# # ♣.8.# #..#
#.).# #..# ♣...#
#..+ #.8.# #..#
#...# #..# ♣.).#
#... ##.##


You could see a deep elf archer (repels missiles, corroded), a deep elf
pyromancer and 2 deep elf zephyrmancers.

Vanquished Creatures
  The ghost of jejorda2 the Executioner, an adept DrBe of Trog (Swamp:4)
  A thorn hunter (Swamp:4)
  Aizul (Swamp:1)
  6 emperor scorpions
  4 ghost moths (Spider:4)
  2 ghouls (Swamp:2)
  9 broodmothers
  4 eleionomae
  Azrael (Spider:2)
  2 bunyips (Swamp:4)
  3 spark wasps
  Snorg (D:10)
  Fannar (Lair:3)
  5 entropy weavers
  A shambling mangrove (Swamp:4)
  A jorogumo (Spider:1)
  22 hydras
  A catoblepas (Lair:3)
  4 ogre magi (Orc:2)
  A spriggan air mage (Swamp:2)
  5 radroaches
  3 ghost crabs
  19 two-headed ogres
  A death yak (Lair:5)
  5 boulder beetles
  12 alligators
  10 demonic crawlers
  A deep elf knight (Elf:1)
  3 skysharks (Lair:5)
  3 goliath frogs (Swamp:1)
  Amaemon (Lair:2)
  A salamander mystic (Volcano)
  2 sun moths (Spider:4)
  8 swamp dragons (Swamp:4)
  7 pharaoh ants
  25 orb spiders
  4 spriggan druids
  A lindwurm (Lair:5)
  5 bog bodies
  10 steelbarb worms
  4 deep elf pyromancers (Elf:1)
  An orc knight (Bailey)
  3 deep elf zephyrmancers (Elf:1)
  23 wolf spiders
  2 oklob plants (D:11)
  2 ugly things (D:12)
  4 will-o-the-wisps
  4 cyclopes
  A manticore (D:12)
  5 salamanders (Volcano)
  3 moths of wrath
  11 elephants
  An orange demon (Lair:2)
  6 black mambas
  Joseph (D:8)
  10 torpor snails
  2 gargoyles
  4 unseen horrors
  8 rime drakes
  13 cane toads
  Psyche (D:8)
  15 komodo dragons
  10 polar bears
  8 trolls
  2 bloated husks
  13 hornets
  A meliai (Spider:4)
  Prince Ribbit (D:8)
  19 blink frogs
  27 tarantellas
  10 tyrant leeches
  10 dream sheep
  40 jumping spiders
  6 slime creatures
  20 spriggans
  Sigmund (D:4)
  2 shadows
  27 culicivoras
  4 wyverns
  46 yaks
  Eustachio (D:4)
  4 basilisks
  47 redbacks
  A steam dragon (D:7)
  13 vampire mosquitoes
  Menkaure (D:4)
  12 swamp worms
  5 wargs
  3 acid dragons
  13 water moccasins
  4 hell hounds (Spider:2)
  16 orc warriors
  13 swamp drakes
  An ice beast (D:5)
  A sky beast (D:7)
  28 ogres
  3 black bears
  37 wolves
  5 boggarts (Lair:5)
  7 centaurs
  A kobold brigand (D:9)
  2 nameless horrors
  8 bullfrogs
  A gnoll sergeant (D:9)
  5 scorpions
  16 killer bees
  A howler monkey (D:10)
  An electric eel (Lair:3)
  22 orc priests
  4 jellies
  A gnoll bouda (D:9)
  2 sleepcaps (D:7)
  3 iguanas
  17 orc wizards
  5 hell rats (Lair:5)
  6 adders
  19 gnolls
  3 white imps (D:7)
  3 dart slugs
  83 orcs
  8 bats
  5 endoplasms
  3 giant cockroaches
  21 goblins
  6 hobgoblins
  3 jackals (D:3)
  A quokka (D:2)
  6 ball pythons
  A frilled lizard (D:1)
  11 kobolds
  2 rats
  2 snaplasher vines (Swamp:4)
1055 creatures vanquished.

Vanquished Creatures (collateral kills)
  Rupert (Spider:1)
  2 entropy weavers (Spider:4)
  2 demonic crawlers (Spider:1)
  A deep elf knight (Elf:1)
  A pharaoh ant (Spider:4)
  3 orb spiders
  A swamp dragon (Swamp:3)
  A bog body (Swamp:3)
  A deep elf pyromancer (Elf:1)
  An ugly thing (D:7)
  A wolf spider (Spider:4)
  A hornet (D:7)
  A tarantella (Spider:4)
  3 culicivoras (Spider:4)
  A fire elemental (Elf:1)
  3 redbacks
  2 scorpions
  2 orc priests
  3 orc wizards
  Robin (D:3)
  2 adders
  2 worms
  A dart slug (D:5)
  8 orcs
  2 ball pythons
  2 endoplasms
  A giant cockroach (D:4)
  8 goblins
  2 hobgoblins (D:3)
  A kobold (D:4)
  2 rats (D:2)
63 creatures vanquished.

Vanquished Creatures (others)
  A spriggan berserker (Swamp:2)
  A goliath frog (Swamp:4)
  A pharaoh ant (Spider:1)
  A bloated husk (Swamp:1)
  A hornet (Spider:1)
  2 dancing weapons
  2 swamp worms (Swamp:2)
  8 foxfires
  A snaplasher vine (Swamp:4)
18 creatures vanquished.

Grand Total: 1136 creatures vanquished

Notes
Turn   | Place    | Note
-------+----------+-------------------------------------------
     0 | D:1      | Reached skill level 10 in Shields
     0 | D:1      | miscthings the Gnoll Wanderer began the quest for the Orb.
     0 | D:1      | miscthings set off with the following items: a +0 dagger, a
                  | +0 scale mail, a potion of invisibility, a +2 buckler; and
                  | the following spell memorised: Summon Small Mammal; and the
                  | following spells available to memorise: Call Canine
                  | Familiar.
     0 | D:1      | Reached XP level 1. HP: 17/17 MP: 4/4
    64 | D:1      | Reached XP level 2. HP: 16/23 MP: 5/5
   412 | D:1      | Reached XP level 3. HP: 23/28 MP: 7/7
   651 | D:2      | Reached skill level 1 in Invocations
   745 | D:2      | Found a blossoming altar of Fedhas.
   762 | D:2      | Reached skill level 1 in Short Blades
   762 | D:2      | Reached skill level 1 in Long Blades
   762 | D:2      | Reached skill level 1 in Axes
   762 | D:2      | Reached skill level 1 in Maces & Flails
   762 | D:2      | Reached skill level 1 in Polearms
   762 | D:2      | Reached skill level 1 in Staves
   762 | D:2      | Reached skill level 1 in Ranged Weapons
   762 | D:2      | Reached skill level 1 in Throwing
   762 | D:2      | Reached skill level 1 in Dodging
   762 | D:2      | Reached skill level 1 in Stealth
   762 | D:2      | Reached skill level 1 in Unarmed Combat
   762 | D:2      | Reached skill level 1 in Evocations
   877 | D:2      | Reached XP level 4. HP: 19/34 MP: 2/8
   881 | D:2      | Identified the +2 robe of the Trombone {Regen+ Str-5 Dex-5
                  | SInv}
  1040 | D:2      | Learned a level 3 spell: Call Canine Familiar
  1360 | D:4      | Noticed a scorpion
  1377 | D:4      | Killed a scorpion
  1378 | D:4      | Reached skill level 1 in Conjurations
  1378 | D:4      | Reached skill level 1 in Hexes
  1378 | D:4      | Reached skill level 1 in Necromancy
  1378 | D:4      | Reached skill level 1 in Translocations
  1378 | D:4      | Reached skill level 1 in Transmutations
  1378 | D:4      | Reached skill level 1 in Fire Magic
  1378 | D:4      | Reached skill level 1 in Ice Magic
  1378 | D:4      | Reached skill level 1 in Air Magic
  1378 | D:4      | Reached skill level 1 in Earth Magic
  1378 | D:4      | Reached skill level 1 in Poison Magic
  1378 | D:4      | Reached XP level 5. HP: 32/40 MP: 4/9
  1381 | D:4      | Noticed Eustachio
  1480 | D:3      | Noticed a nameless horror
  1787 | D:4      | Reached XP level 6. HP: 37/47 MP: 1/11
  1926 | D:3      | Found a faded altar of an unknown god.
  2089 | D:3      | Noticed Robin
  2114 | D:3      | Killed Robin
  2387 | D:3      | Killed a nameless horror
  2747 | D:4      | Identified a scroll of acquirement
  2747 | D:4      | Acquired the +3 pair of boots of Cheibriados's Favour {rF++
                  | rC- Int+2 Dex+3}
  2758 | D:4      | Killed Eustachio
  3020 | D:4      | Reached XP level 7. HP: 27/52 MP: 4/12
  3024 | D:4      | Noticed Sigmund
  3030 | D:4      | Killed Sigmund
  3041 | D:4      | Noticed Menkaure
  3049 | D:4      | Killed Menkaure
  3156 | D:4      | Learned a level 3 spell: Tukima's Dance
  3350 | D:4      | Learned a level 3 spell: Portal Projectile
  3528 | D:5      | Entered Level 5 of the Dungeon
  3564 | D:5      | Found a staircase to the Ecumenical Temple.
  3576 | Temple   | Entered the Ecumenical Temple
  3616 | Temple   | Became a worshipper of Gozag Ym Sagoz the Greedy
  3776 | D:5      | Reached XP level 8. HP: 60/60 MP: 14/14
  3799 | D:5      | Learned a level 2 spell: Blink
  4075 | D:5      | Reached skill level 11 in Shields
  4562 | D:6      | Found a snail-covered altar of Cheibriados.
  4672 | D:6      | Reached skill level 5 in Summonings
  4980 | D:6      | Reached XP level 9. HP: 45/67 MP: 16/16
  5024 | D:6      | Reached skill level 5 in Spellcasting
  5093 | D:6      | Reached skill level 5 in Fighting
  5093 | D:6      | Reached skill level 5 in Armour
  5535 | D:7      | Noticed a hornet
  5545 | D:7      | Killed a hornet
  5546 | D:7      | Reached skill level 5 in Invocations
  5576 | D:7      | Learned a level 3 spell: Hailstorm
  5603 | D:7      | Noticed a green ugly thing
  5697 | D:7      | Noticed a two-headed ogre
  5809 | D:7      | Killed a green ugly thing
  5876 | D:7      | Killed a two-headed ogre
  5877 | D:7      | Reached skill level 5 in Short Blades
  5877 | D:7      | Reached skill level 5 in Long Blades
  5877 | D:7      | Reached skill level 5 in Axes
  5877 | D:7      | Reached skill level 5 in Maces & Flails
  5877 | D:7      | Reached skill level 5 in Polearms
  5877 | D:7      | Reached skill level 5 in Staves
  5877 | D:7      | Reached skill level 5 in Ranged Weapons
  5877 | D:7      | Reached skill level 5 in Throwing
  5877 | D:7      | Reached skill level 5 in Dodging
  5877 | D:7      | Reached skill level 5 in Stealth
  5877 | D:7      | Reached skill level 5 in Unarmed Combat
  5877 | D:7      | Reached skill level 5 in Evocations
  5877 | D:7      | Reached XP level 10. HP: 5/76 MP: 5/18
  6059 | D:7      | Noticed a cyclops
  6061 | D:7      | Killed a cyclops
  6273 | D:7      | Got the Precepts of Superposition and the Jinx
  6278 | D:7      | Learned a level 3 spell: Inner Flame
  6333 | D:8      | You fall into a shaft and drop 1 floor!
  6454 | D:9      | Identified the scarf of Ellaug {harm, rN+ Str-3 Dex+4}
  6778 | D:7      | Bought the ring "Hodoroap" {Will+ Slay+5} for 795 gold
                  | pieces
  6973 | D:8      | Noticed Prince Ribbit
  6981 | D:8      | Killed Prince Ribbit
  7047 | D:8      | Noticed Joseph
  7049 | D:8      | Noticed Psyche
  7054 | D:8      | Killed Psyche
  7057 | D:8      | Killed Joseph
  7359 | D:8      | Found a glowing silver altar of Zin.
  7430 | D:9      | Identified the +6 mace of the Spheres {flame, SInv}
  7593 | D:9      | Reached skill level 12 in Shields
  7649 | D:10     | Entered Level 10 of the Dungeon
  7715 | D:10     | Reached skill level 5 in Conjurations
  7715 | D:10     | Reached skill level 5 in Hexes
  7715 | D:10     | Reached skill level 5 in Necromancy
  7715 | D:10     | Reached skill level 5 in Translocations
  7715 | D:10     | Reached skill level 5 in Transmutations
  7715 | D:10     | Reached skill level 5 in Fire Magic
  7715 | D:10     | Reached skill level 5 in Ice Magic
  7715 | D:10     | Reached skill level 5 in Air Magic
  7715 | D:10     | Reached skill level 5 in Earth Magic
  7715 | D:10     | Reached skill level 5 in Poison Magic
  7721 | D:10     | Found a white marble altar of Elyvilon.
  7770 | D:10     | Reached XP level 11. HP: 61/83 MP: 21/21
  7895 | D:10     | Found a flagged portal.
  7914 | Bailey   | Entered a bailey
  8165 | Bailey   | Noticed an orc knight
  8181 | Bailey   | Killed an orc knight
  8538 | D:10     | Noticed Snorg
  8555 | D:10     | Killed Snorg
  9031 | D:11     | Noticed a two-headed ogre
  9038 | D:11     | Noticed a cyclops
  9039 | D:11     | Killed a two-headed ogre
  9051 | D:11     | Killed a cyclops
  9083 | D:11     | Noticed an oklob plant
  9396 | D:11     | Noticed an oklob plant
  9406 | D:11     | Killed an oklob plant
  9408 | D:11     | Found a staircase to the Lair.
  9450 | D:11     | Found Zetukh's Distillery.
  9458 | D:11     | Bought a potion of attraction for 45 gold pieces
  9458 | D:11     | Bought a potion of lignification for 45 gold pieces
  9554 | D:11     | Killed an oklob plant
  9570 | D:11     | Reached XP level 12. HP: 81/91 MP: 20/23
  9702 | D:11     | Learned a level 4 spell: Ice Form
  9972 | D:12     | Noticed a two-headed ogre
  9979 | D:12     | Killed a two-headed ogre
 10046 | D:12     | Found a staircase to the Orcish Mines.
 10078 | D:12     | Noticed a boulder beetle
 10092 | D:12     | Learned a level 4 spell: Summon Ice Beast
 10535 | D:7      | Bought an amulet of regeneration for 450 gold pieces
 10674 | D:12     | Killed a boulder beetle
 10826 | D:12     | Noticed a two-headed ogre
 10837 | D:12     | Killed a two-headed ogre
 11047 | D:12     | Reached skill level 13 in Shields
 11108 | D:12     | Found Lexzie's Fire Supplies.
 11293 | Orc:1    | Entered Level 1 of the Orcish Mines
 11298 | Orc:1    | Reached XP level 13. HP: 99/99 MP: 25/25
 11417 | Orc:2    | Entered Level 2 of the Orcish Mines
 11548 | Orc:2    | Found Jirapp's Armour Shop.
 11597 | Orc:2    | Found a staircase to the Elven Halls.
 12172 | Orc:2    | Reached XP level 14. HP: 80/108 MP: 24/27
 12192 | Orc:2    | Found Erphoofol's Antique Weapon Shop.
 12211 | Orc:2    | Found Veapoat's Distillery.
 12211 | Orc:2    | Found Qanaivis's Magic Scroll Boutique.
 12211 | Orc:2    | Found Gineq's Book Emporium.
 12219 | Orc:2    | Bought a potion of resistance for 120 gold pieces
 12219 | Orc:2    | Bought a potion of heal wounds for 60 gold pieces
 12219 | Orc:2    | Bought a potion of mutation for 96 gold pieces
 12219 | Orc:2    | Bought a potion of brilliance for 48 gold pieces
 12219 | Orc:2    | Bought a potion of brilliance for 48 gold pieces
 12219 | Orc:2    | Bought a potion of curing for 36 gold pieces
 12222 | Orc:2    | Bought a scroll of teleportation for 45 gold pieces
 12222 | Orc:2    | Bought a scroll of teleportation for 45 gold pieces
 12222 | Orc:2    | Bought a scroll of identify for 30 gold pieces
 12222 | Orc:2    | Bought a scroll of teleportation for 45 gold pieces
 12223 | Orc:2    | Bought a scroll of identify for 30 gold pieces
 12223 | Orc:2    | Bought a scroll of identify for 30 gold pieces
 12230 | Orc:2    | Bought the +3 greatsling "Punk" {acid, rCorr} for 939 gold
                  | pieces
 12230 | Orc:2    | Found the +3 greatsling "Punk" {acid, rCorr}
 12235 | Orc:2    | Bought a potion of enlightenment for 60 gold pieces
 12235 | Orc:2    | Bought a potion of magic for 96 gold pieces
 12237 | Orc:2    | Bought a scroll of fear for 60 gold pieces
 12343 | Orc:1    | Reached skill level 10 in Invocations
 12649 | Lair:1   | Entered Level 1 of the Lair of Beasts
 13636 | Lair:2   | Found a dark tunnel.
 13641 | Volcano  | Entered a volcano
 13650 | Volcano  | Reached skill level 10 in Spellcasting
 13692 | Volcano  | Reached skill level 10 in Fighting
 13692 | Volcano  | Reached skill level 10 in Armour
 13979 | Lair:2   | Noticed Amaemon
 13988 | Lair:2   | Killed Amaemon
 14130 | Lair:2   | Found a hole to the Spider Nest.
 14270 | Lair:3   | Reached skill level 14 in Shields
 14329 | Lair:3   | Noticed Fannar
 14336 | Lair:3   | Killed Fannar
 14469 | Lair:3   | Identified the +6 short sword of Wyrd {holy, rN+++ Str+2
                  | Dex-4 SInv}
 14873 | Lair:3   | Found a staircase to the Swamp.
 15133 | Lair:3   | Reached skill level 10 in Short Blades
 15133 | Lair:3   | Reached skill level 10 in Long Blades
 15133 | Lair:3   | Reached skill level 10 in Axes
 15133 | Lair:3   | Reached skill level 10 in Maces & Flails
 15133 | Lair:3   | Reached skill level 10 in Polearms
 15133 | Lair:3   | Reached skill level 10 in Staves
 15133 | Lair:3   | Reached skill level 10 in Ranged Weapons
 15133 | Lair:3   | Reached skill level 10 in Throwing
 15133 | Lair:3   | Reached skill level 10 in Dodging
 15133 | Lair:3   | Reached skill level 10 in Stealth
 15133 | Lair:3   | Reached skill level 10 in Unarmed Combat
 15133 | Lair:3   | Reached skill level 10 in Evocations
 15217 | Lair:4   | Found a staircase to the Slime Pits.
 15217 | Lair:4   | Found a viscous altar of Jiyva.
 15484 | Lair:4   | Gained mutation: You have extremely sharp teeth. [potion of
                  | mutation]
 15484 | Lair:4   | Gained mutation: You are agile. (Dex +4, Str/Int -1)
                  | [potion of mutation]
 15679 | Lair:5   | Entered Level 5 of the Lair of Beasts
 15685 | Lair:5   | Reached XP level 15. HP: 117/117 MP: 29/29
 16501 | Lair:5   | Identified the +9 chain mail of Tenacity {rCorr Int+3 Dex+4
                  | Stlth-}
 17808 | Lair:4   | Learned a level 3 spell: Ozocubu's Armour
 17900 | Spider:1 | Entered Level 1 of the Spider Nest
 17980 | Spider:1 | Reached skill level 10 in Summonings
 17990 | Spider:1 | Reached XP level 16. HP: 96/125 MP: 28/31
 18139 | Spider:1 | Learned a level 3 spell: Volatile Blastmotes
 18144 | Spider:1 | Learned a level 4 spell: Iskenderun's Mystic Blast
 18150 | Spider:1 | Learned a level 5 spell: Summon Forest
 18249 | Spider:1 | Reached skill level 15 in Shields
 18619 | Spider:1 | Noticed Donald
 18620 | Spider:1 | Donald changed into Donald the tyrant leech
 18620 | Spider:1 | Noticed Donald
 18623 | Spider:1 | Killed Donald the tyrant leech
 18671 | Spider:1 | Noticed Rupert
 18687 | Spider:1 | Killed Rupert
 19310 | Spider:2 | Noticed Azrael
 19334 | Spider:2 | Killed Azrael
 19615 | Spider:2 | Reached XP level 17. HP: 133/133 MP: 28/33
 19765 | Spider:2 | Reached skill level 10 in Conjurations
 19765 | Spider:2 | Reached skill level 10 in Hexes
 19765 | Spider:2 | Reached skill level 10 in Necromancy
 19765 | Spider:2 | Reached skill level 10 in Translocations
 19765 | Spider:2 | Reached skill level 10 in Transmutations
 19765 | Spider:2 | Reached skill level 10 in Fire Magic
 19765 | Spider:2 | Reached skill level 10 in Ice Magic
 19765 | Spider:2 | Reached skill level 10 in Air Magic
 19765 | Spider:2 | Reached skill level 10 in Earth Magic
 19765 | Spider:2 | Reached skill level 10 in Poison Magic
 20860 | Spider:4 | Entered Level 4 of the Spider Nest
 21541 | Spider:4 | Reached XP level 18. HP: 141/142 MP: 4/34
 21618 | Spider:4 | Got a gossamer rune of Zot
 21787 | Spider:4 | Reached skill level 16 in Shields
 22335 | Swamp:1  | Entered Level 1 of the Swamp
 22403 | Swamp:1  | Noticed Aizul
 22412 | Swamp:1  | Killed Aizul
 22650 | Swamp:1  | Bought a pair of encrusted boots for 256 gold pieces
 22650 | Swamp:1  | Identified the +1 pair of boots of Optimism {Slay+6} (You
                  | bought it in a shop on level 1 of the Swamp)
 22662 | Swamp:1  | Bought a runed cloak for 202 gold pieces
 23496 | Swamp:3  | HP: 4/143 [alligator[a spriggan druid] (7)]
 23501 | Swamp:3  | HP: 5/143 [poisoned by a swamp dragon (poison gas)]
 24156 | Swamp:4  | Entered Level 4 of the Swamp
 24241 | Swamp:4  | Reached XP level 19. HP: 74/150 MP: 9/36
 24491 | Swamp:4  | Found a runed translucent gate.
 24491 | Swamp:4  | Found a runed translucent gate.
 24492 | Swamp:4  | Found a runed translucent gate.
 24494 | Swamp:4  | Noticed jejorda2's ghost (adept DrBe)
 24520 | Swamp:4  | Killed jejorda2's ghost
 24772 | Swamp:4  | Got a decaying rune of Zot
 25042 | Slime:1  | Entered Level 1 of the Pits of Slime
 25178 | Elf:1    | Entered Level 1 of the Elven Halls
 25240 | Elf:1    | HP: 5/150 [deep elf zephyrmancer/bolt of lightning (29)]
 25240 | Elf:1    | Killed from afar by a deep elf zephyrmancer

Illustrated notes

Levels and vault maps discovered:
D:1:      lightli_arrival_lavapool, layout_rooms
D:2:      layout_basic, basic_altar, st_stairs_12
D:3:      kennysheep_goblin_castle, layout_basic,
          dreamdust_ecumenical_altar_grove, st_stairs_13, nicolae_eternal_life
D:4:      layout_cave_pods, uniq_eustachio, uniq_menkaure, uniq_sigmund
D:5:      layout_cave_pods, minmay_temple_entry_sparse_star,
          chequers_serial_rivers_small_3, dk_noncrumbling_3, serial_park_tiny_2
D:6:      layout_cave_pools, kennysheep_slug_shrine
D:7:      layout_basic, minmay_the_grid_2x2 [minmay_the_grid_dragon_a,
          minmay_the_grid_empty, minmay_the_grid_embedded,
          minmay_the_grid_prize_shrinking_boxes]
D:8:      layout_loops_ring, mainiacjoe_overflow_alcove_2, uniq_prince_ribbit1,
          uniq_psyche, uniq_joseph
D:9:      layout_rooms
D:10:     layout_roguey, elyvilon_altar_5, enter_bailey_4, uniq_snorg
D:11:     layout_basic, dpeg_oklobed_lair, serial_shops, shop
D:12:     layout_roguey, erik_orc_4, portal_ice_cave_entry_animals_and_master,
          nicolae_shop_fire_sale [nicolae_sub_dead_trees]
Temple:   nicolae_temple_bog_church
Lair:1:   layout_big_grid, minivault_27, grunt_megastairs_1
Lair:2:   layout_cave_pods, spider_nest_entry_funnel_web, enter_volcano_4,
          uniq_amaemon
Lair:3:   layout_regular_city, nicolae_swamp_entry_splash_gauntlet,
          minivault_27, uniq_fannar
Lair:4:   wad_woods_structure_01, layout_cave_pods, minmay_slime_entry_pillars
Lair:5:   minmay_lair_end_enchanted_forest, layout_regular_city,
          grunt_megastairs_5, serial_bayou_shore_b
Swamp:1:  layout_falls_marsh, evilmike_swamp_ruin_rubble_1, swamp_pool4,
          hangedman_swamp_wriggling, uniq_aizul
Swamp:2:  layout_falls_marsh, nicolae_swamp_tree_designs
Swamp:3:  nicolae_swamp_ascending_descending, layout_basic_swamp,
          hangedman_swamp_ruin_wall
Swamp:4:  swamp, layout_basic_swamp, ebering_ghost_rock_garden, swamp_pool5
Spider:1: nicolae_spider_corner, uniq_rupert, uniq_donald
Spider:2: layout_spider_delve, uniq_azrael
Spider:3: layout_spider_delve
Spider:4: hellmonk_spider_rune_endless_swarm
Slime:1:  layout_caves
Orc:1:    layout_diamond_mine
Orc:2:    st_orc_ogre_mass, layout_caves, serial_shops, nicolae_shop_crystal
Elf:1:    elf_arrival_001, layout_onion_city, kennysheep_underground_church

Skill      XL: |  1  2  3  4  5  6  7  8  9 10 11 12 13 14 15 16 17 18 19 |
---------------+----------------------------------------------------------+-----
Shields        | 11 12 13 14 15 16 | 16.5
Invocations    | 1 2 3 4 5 6 7 8 9 10 11 12 13 14 | 14.5
Short Blades   | 1 2 3 4 5 6 7 8 9 10 11 12 13 | 13.3
Long Blades    | 1 2 3 4 5 6 7 8 9 10 11 12 13 | 13.3
Axes           | 1 2 3 4 5 6 7 8 9 10 11 12 13 | 13.3
Maces & Flails | 1 2 3 4 5 6 7 8 9 10 11 12 13 | 13.3
Polearms       | 1 2 3 4 5 6 7 8 9 10 11 12 13 | 13.3
Staves         | 1 2 3 4 5 6 7 8 9 10 11 12 13 | 13.3
Ranged Weapons | 1 2 3 4 5 6 7 8 9 10 11 12 13 | 13.3
Throwing       | 1 2 3 4 5 6 7 8 9 10 11 12 13 | 13.3
Dodging        | 1 2 3 4 5 6 7 8 9 10 11 12 13 | 13.3
Stealth        | 1 2 3 4 5 6 7 8 9 10 11 12 13 | 13.3
Unarmed Combat | 1 2 3 4 5 6 7 8 9 10 11 12 13 | 13.3
Evocations     | 1 2 3 4 5 6 7 8 9 10 11 12 13 | 13.3
Spellcasting   | 3 4 5 6 7 8 9 10 11 12 13 | 13.6
Conjurations   | 1 2 3 4 5 6 7 8 9 10 11 | 11.3
Hexes          | 1 2 3 4 5 6 7 8 9 10 11 | 11.3
Necromancy     | 1 2 3 4 5 6 7 8 9 10 11 | 11.3
Translocations | 1 2 3 4 5 6 7 8 9 10 11 | 11.3
Transmutations | 1 2 3 4 5 6 7 8 9 10 11 | 11.3
Fire Magic     | 1 2 3 4 5 6 7 8 9 10 11 | 11.3
Ice Magic      | 1 2 3 4 5 6 7 8 9 10 11 | 11.3
Air Magic      | 1 2 3 4 5 6 7 8 9 10 11 | 11.3
Earth Magic    | 1 2 3 4 5 6 7 8 9 10 11 | 11.3
Poison Magic   | 1 2 3 4 5 6 7 8 9 10 11 | 11.3
Fighting       | 3 4 5 6 7 8 9 10 11 12 13 | 13.6
Armour         | 3 4 5 6 7 8 9 10 11 12 13 | 13.6
Summonings     | 4 5 6 7 8 9 10 11 12 | 12.0

Action                     |  1- 3 |  4- 6 |  7- 9 | 10-12 | 13-15 | 16-18 | 19-21 || total
---------------------------+-------+-------+-------+-------+-------+-------+-------++-------
  Melee: Dagger            |   192 |   232 |       |       |       |       |       ||   424
         Bite              |    27 |    25 |       |       |       |     3 |       ||    55
         Sling             |       |     2 |     1 |       |       |       |       ||     3
         Unarmed           |       |       |       |     2 |       |       |       ||     2
         Short sword       |       |       |       |       |       |    15 |       ||    15
         Greatsling        |       |       |       |       |       |     1 |       ||     1
   Fire: Sling             |       |   100 |   310 |   660 |   212 |       |       ||  1282
         Greatsling        |       |       |       |       |   690 |  1135 |   108 ||  1933
  Throw: Dart              |       |       |       |     1 |       |     1 |       ||     2
         Throwing net      |       |       |       |     1 |       |       |       ||     1
   Cast: Summon Small Mamm |     5 |     6 |       |       |       |       |       ||    11
         Call Canine Famil |       |    16 |    13 |     2 |       |       |       ||    31
         Tukima's Dance    |       |       |     6 |     2 |       |       |       ||     8
         Inner Flame       |       |       |       |    21 |    21 |    22 |       ||    64
         Blink             |       |       |       |     2 |       |     2 |     1 ||     5
         Hailstorm         |       |       |       |     1 |       |       |       ||     1
         Portal Projectile |       |       |       |     6 |     6 |    10 |     1 ||    23
         Summon Ice Beast  |       |       |       |     6 |     5 |     1 |       ||    12
         Ice Form          |       |       |       |     1 |       |       |       ||     1
         Volatile Blastmot |       |       |       |       |       |     8 |       ||     8
         Summon Forest     |       |       |       |       |       |     8 |     2 ||    10
         Ozocubu's Armour  |       |       |       |       |       |     2 |       ||     2
         Iskenderun's Myst |       |       |       |       |       |     3 |       ||     3
 Invoke: Call Merchant     |       |       |       |     1 |       |     2 |       ||     3
Ability: End Transformatio |       |       |       |     1 |       |       |       ||     1
  Evoke: Wand              |       |     1 |    12 |     5 |     4 |    23 |     2 ||    47
         Condenser vane    |       |       |       |       |       |     4 |       ||     4
    Use: Potion            |       |     6 |     1 |     4 |     2 |     6 |       ||    19
         Scroll            |       |     2 |     9 |     6 |     5 |     7 |       ||    29
   Stab: Sleeping          |       |     1 |       |       |       |       |       ||     1
         Invisible         |       |     4 |       |       |       |     1 |       ||     5
         Distracted        |       |       |       |       |       |     1 |       ||     1
 Armour: Scale mail        |    75 |       |       |       |       |       |       ||    75
         Robe              |       |   110 |       |       |       |       |       ||   110
         Leather armour    |       |       |   101 |    98 |    77 |   110 |       ||   386
         Chain mail        |       |       |       |       |       |   196 |    10 ||   206
  Dodge: Dodged            |    51 |   207 |   122 |   177 |   215 |   428 |    12 ||  1212
  Block: Buckler           |    74 |   202 |   127 |   158 |   196 |   345 |    15 ||  1117

Table legend: (Time is in decaauts)
 A = Elapsed time spent in this place.
 B = Non-inter-level travel time spent in this place.
 C = Inter-level travel time spent in this place.
 D = Time resting spent in this place.
 E = Time spent auto-exploring this place.
 F = Levels seen in this place.
 G = Mean time per level.
                   A        B        C        D        E       F      G
               +--------+--------+--------+--------+--------+-----+--------+
         Total |  25671 |  23638 |   2033 |   1547 |  14588 |  32 |  802.2 |
       Dungeon |  11112 |  10392 |    720 |   1107 |   5735 |  12 |  926.0 |
        Temple |     55 |     42 |     13 |      0 |     27 |   1 |   55.0 |
          Lair |   5447 |   4804 |    643 |     75 |   3405 |   5 | 1089.4 |
         Swamp |   2976 |   2760 |    216 |    167 |   1876 |   4 |  744.0 |
   Spider Nest |   4198 |   3885 |    313 |    101 |   2462 |   4 | 1049.5 |
    Slime Pits |      1 |      1 |      0 |      0 |      0 |   1 |    1.0 |
  Orcish Mines |   1353 |   1228 |    125 |      0 |    882 |   2 |  676.5 |
   Elven Halls |     66 |     66 |      0 |      0 |     14 |   1 |   66.0 |
        Bailey |    393 |    393 |      0 |     96 |    179 |   1 |  393.0 |
       Volcano |     67 |     67 |      0 |      0 |      6 |   1 |   67.0 |
               +--------+--------+--------+--------+--------+-----+--------+

Top non-repeatable levels by time:
Spider:1: 1546 daAuts
  Lair:5: 1417 daAuts
     D:4: 1268 daAuts
  Lair:4: 1261 daAuts
     D:7: 1185 daAuts
Spider:4: 1158 daAuts
    D:10: 1124 daAuts
    D:11: 1109 daAuts
  Lair:2: 1086 daAuts
  Lair:3: 1062 daAuts
    D:12: 1039 daAuts
     D:3: 991 daAuts
     D:6: 912 daAuts
   Orc:2: 890 daAuts
 Swamp:4: 829 daAuts
